 Dungeon Crawl Stone Soup version 0.17.0-24-gcfadda4 (console) character file.

26412 Kloppie the Severer (level 12, -2/112 HPs)
             Began as a Minotaur Fighter on Nov 17, 2015.
             Was the Champion of Makhleb.
             Slain by a vampire mage (3 damage)
             ... on level 12 of the Dungeon.
             The game lasted 00:33:17 (14559 turns).

Kloppie the Severer (Minotaur Fighter)             Turns: 14559, Time: 00:33:17

Health: -2/112     AC: 22    Str: 24    XL:     12   Next: 98%
Magic:  15/15      EV: 16    Int:  5    God:    Makhleb [******]
Gold:   1508       SH:  0    Dex: 22    Spells: 0 memorised, 11 levels left

rFire  . . .     SeeInvis .     v - +0 battleaxe
rCold  . . .     Clarity  .     M - +0 plate armour
rNeg   . . .     SustAt   .     (shield currently unavailable)
rPois  +         Gourm    .     (helmet restricted)
rElec  .         Spirit   .     q - +0 cloak {rPois}
rCorr  .         Warding  .     l - +1 pair of gloves {Str+3}
rMut   +         Stasis   .     o - +2 pair of boots
MR     .....                    t - amulet of resist mutation
Stlth  ..........               P - +5 ring of dexterity
                                k - +2 ring of evasion

@: flayed, very slightly contaminated, hasted, drained, invisible, very quick,
not resistant to hostile enchantments, extremely unstealthy
A: retaliatory headbutt, horns 2, thin skeletal structure 1
a: Minor Destruction, Lesser Servant of Makhleb, Major Destruction, Greater
Servant of Makhleb, Renounce Religion


You were on level 12 of the Dungeon.
You worshipped Makhleb.
Makhleb was exalted by your worship.
You were hungry.

You visited 3 branches of the dungeon, and saw 17 of its levels.

You collected 1807 gold pieces.
You spent 299 gold pieces at shops.

Inventory:

Hand Weapons
 a - a +1 war axe
 b - a +0 hand axe of flaming
 c - a +0 blowgun
 v - a +0 battleaxe (weapon)
Missiles
 z - 31 poisoned needles
Armour
 l - a +1 pair of gloves of strength (worn)
 o - a +2 pair of boots (worn)
 q - a +0 cloak of poison resistance (worn)
 M - a +0 plate armour (worn)
 O - a +0 shield
Jewellery
 g - an uncursed amulet of rage
 k - a +2 ring of evasion (left hand)
 t - an amulet of resist mutation (around neck)
 P - a +5 ring of dexterity (right hand)
 Q - an uncursed ring of wizardry
Wands
 B - a wand of confusion (18)
 N - a wand of paralysis (16)
Scrolls
 j - 4 scrolls of remove curse
 n - 5 scrolls of enchant armour
 p - 4 scrolls of fog
Potions
 h - 2 potions of flight
 m - 2 potions of invisibility
 r - a potion of cure mutation
 s - 2 potions of brilliance
 u - a potion of haste
 E - a potion of magic
 H - a potion of berserk rage
 J - 2 potions of curing {unknown}
 K - a potion of lignification {unknown}
 R - a potion of resistance {unknown}
Books
 f - a book of Air

   Spells                             Type                      Level
   a - Shock                          Conjuration/Air              1
   b - Swiftness                      Charms/Air                   2
   c - Repel Missiles                 Charms/Air                   2
   d - Static Discharge               Conjuration/Air              3
   e - Lightning Bolt                 Conjuration/Air              5
 i - a book of Annihilations

   Spells                             Type                      Level
   a - Poison Arrow                   Conjuration/Poison           6
   b - Chain Lightning                Conjuration/Air              8
   c - Lehudib's Crystal Spear        Conjuration/Earth            8
   d - Glaciate                       Conjuration/Ice              9
   e - Fire Storm                     Conjuration/Fire             9
 y - a book of Necromancy

   Spells                             Type                      Level
   a - Pain                           Necromancy                   1
   b - Animate Skeleton               Necromancy                   1
   c - Vampiric Draining              Necromancy                   3
   d - Regeneration                   Charms/Necromancy            3
   e - Animate Dead                   Necromancy                   4
   f - Control Undead                 Necromancy                   4
Miscellaneous
 G - a phantom mirror
Comestibles
 e - 8 bread rations
 D - 4 meat rations
 I - 2 beef jerkies
 L - 3 slices of pizza


   Skills:
 - Level 11.9 Fighting
 - Level 16.3 Axes
 - Level 11.2(11.1) Armour
 + Level 9.7(9.6) Dodging
 - Level 3.6(3.5) Shields
 + Level 5.5(5.4) Invocations


You had 11 spell levels left.
You didn't know any spells.

Dungeon Overview and Level Annotations

Branches:
Dungeon (12/15)            Temple (1/1) D:6            Lair (0/8) D:8
    Orc (4/4) D:9             Elf (0/3) Orc:4

Altars:
Ashenzari
Cheibriados
Dithmenos
Elyvilon
Fedhas
Gozag
Kikubaaqudgha
Makhleb
Nemelex Xobeh
Qazlal
Ru
Sif Muna
Trog
Vehumet
Xom
Yredelemnul
Zin
The Shining One
Beogh

Shops:
D:5 :   D:8 %   Orc:1 [   Orc:4 :*[[(


Innate Abilities, Weirdness & Mutations

You reflexively headbutt those who attack you in melee.
You have a pair of horns on your head.
You have a somewhat thin skeletal structure (Dex +2, Stealth).


Message History

Something hits you but does no damage. Something bites you but does no damage.
You bump into the rock wall.
Something hits you but does no damage. Something bites you but does no damage.
Something hits you but does no damage. Something barely misses you.
You're too confused!
You bump into the rock wall.
You closely miss something. Your headbutt misses something.
You completely miss something. Something hits you but does no damage.
Something bites you.
* * * LOW HITPOINT WARNING * * *
You're too confused!
You bump into the stone wall.
You feel less confused. Something hits you.
* * * LOW HITPOINT WARNING * * *
Something bites you.
* * * LOW HITPOINT WARNING * * *
Something draws strength from your injuries!
Something hits you but does no damage. Something bites you.
You die...

..## #.. ##+ ...# #.# .... ...#
#.##..V.Z ..## #V'.V.W_V ..# #.
#V# ≈≈. ..# #.≈≈#W## ≈≈. ..####
+.≈≈#W.## #≈≈. )....# #.≈≈##..##
##≈≈. ..>..####.≈≈.##.@## ##.≈≈.
.........(≈≈..##..# ##.!≈≈.
..........≈≈...'#..# ##...≈≈.
#######...≈≈≈...##.... ##...≈≈≈.
......#....≈≈≈...########...≈≈≈..
......#.....≈≈≈≈≈≈≈≈≈≈≈≈≈≈≈≈≈≈...
......###....≈≈≈≈≈≈≈≈≈≈≈≈≈≈≈≈....
........#........................
........#........#####...........


You could see a flayed ghost, a hungry ghost and a vampire.

Vanquished Creatures
  An orc warlord (Orc:3)
  An ettin (Orc:4)
  Erolcha (Orc:1)
  4 orc high priests
  3 orc knights
  3 hill giants
  A manticore (D:12)
  3 orc sorcerers (Orc:4)
  An ugly thing (D:11)
  3 trolls (Orc:3)
  2 wyverns
  4 water elementals (D:12)
  13 flying skulls (D:12)
  9 yaks (D:12)
  A wraith (D:12)
  A human (D:8)
  A hungry ghost (D:10)
  A steam dragon (D:8)
  3 vampire mosquitoes (D:12)
  A golden eye (shapeshifter) (D:12)
  A hippogriff (D:11)
  A soldier ant (D:12)
  3 wargs
  A water moccasin (D:9)
  2 phantoms
  3 black bears
  9 ogres
  4 ice beasts
  The ghost of Kloppie the Skirmisher, an amateur MiFi (D:3)
  4 sky beasts
  26 orc warriors
  A crocodile (D:9)
  5 centaurs
  2 eyes of draining
  3 necrophages
  3 big kobolds
  7 giant frogs
  A wyvern skeleton (D:12)
  14 killer bees
  An electric eel (D:12)
  A crimson imp (D:6)
  2 giant frog zombies
  A giant frog skeleton (D:8)
  A quasit (D:8)
  3 human zombies (D:12)
  4 hounds
  2 jellies
  2 centaur skeletons
  2 iguanas
  48 orc wizards
  33 orc priests
  7 worker ants
  Robin (D:4)
  A worker ant zombie (D:9)
  3 shadow imps
  11 adders
  3 oozes (D:1)
  An adder skeleton (D:5)
  2 worms
  165 orcs
  2 ball pythons (D:2)
  5 giant cockroaches
  10 hobgoblins
  17 jackals
  17 kobolds
  6 quokkas
  5 bats
  6 giant geckos
  4 giant newts
  11 goblins
  2 quokka skeletons
  5 rats
532 creatures vanquished.

Notes
Turn   | Place    | Note
--------------------------------------------------------------
     0 | D:1      | Kloppie the Minotaur Fighter began the quest for the Orb.
     0 | D:1      | Reached XP level 1. HP: 19/19 MP: 0/0
   109 | D:1      | Reached skill level 4 in Fighting
   109 | D:1      | Reached XP level 2. HP: 24/27 MP: 1/1
   578 | D:1      | Reached XP level 3. HP: 34/34 MP: 2/2
  1345 | D:2      | Reached skill level 5 in Fighting
  1423 | D:2      | Reached XP level 4. HP: 38/42 MP: 3/3
  1486 | D:3      | Noticed Kloppie's ghost (amateur MiFi)
  1502 | D:3      | Killed Kloppie's ghost
  1502 | D:3      | Reached XP level 5. HP: 34/50 MP: 4/4
  1637 | D:3      | Noticed a giant frog
  1641 | D:3      | Killed a giant frog
  1641 | D:3      | Reached skill level 6 in Fighting
  1641 | D:3      | Reached skill level 5 in Axes
  1759 | D:4      | Noticed Robin
  1768 | D:4      | Killed Robin
  1815 | D:4      | Reached XP level 6. HP: 51/57 MP: 5/5
  2102 | D:4      | Reached skill level 7 in Axes
  2448 | D:4      | Reached XP level 7. HP: 50/63 MP: 6/6
  2743 | D:5      | Entered Level 5 of the Dungeon
  2815 | D:5      | Reached skill level 8 in Axes
  2929 | D:5      | Found Cuosoxze's Book Shop.
  3018 | D:5      | Reached skill level 9 in Axes
  3312 | D:6      | Found a glowing golden altar of the Shining One.
  3332 | D:6      | Found a snail-covered altar of Cheibriados.
  3332 | D:6      | Found a bloodstained altar of Trog.
  3588 | D:6      | Reached skill level 10 in Axes
  3698 | D:6      | Found a staircase to the Ecumenical Temple.
  3707 | Temple   | Entered the Ecumenical Temple
  3762 | Temple   | Became a worshipper of Makhleb the Destroyer
  3936 | D:7      | Reached XP level 8. HP: 70/70 MP: 7/7
  4140 | D:7      | Found a deep blue altar of Sif Muna.
  4287 | D:7      | Reached skill level 11 in Axes
  4420 | D:8      | Reached * piety under Makhleb
  4420 | D:8      | Reached skill level 12 in Axes
  4465 | D:8      | Found Leikaps's Food Shoppe.
  4494 | D:8      | Found a staircase to the Lair.
  4867 | D:8      | Reached skill level 13 in Axes
  4867 | D:8      | Reached XP level 9. HP: 75/75 MP: 8/8
  5049 | D:8      | Reached ** piety under Makhleb
  5288 | D:9      | Found a staircase to the Orcish Mines.
  5318 | D:9      | Reached skill level 14 in Axes
  5491 | D:9      | Reached skill level 15 in Axes
  5591 | D:9      | Reached *** piety under Makhleb
  5680 | D:9      | Found a shattered altar of Ashenzari.
  5902 | D:10     | Entered Level 10 of the Dungeon
  5902 | D:10     | Noticed a hill giant
  5911 | D:10     | Killed a hill giant
  5911 | D:10     | Reached XP level 10. HP: 83/83 MP: 9/9
  6054 | D:10     | Noticed a hill giant
  6057 | D:10     | Reached skill level 16 in Axes
  6071 | D:10     | Killed a hill giant
  6351 | D:10     | Reached **** piety under Makhleb
  6368 | D:10     | Reached skill level 5 in Armour
  6890 | D:11     | Got a spiked ring mail
  6919 | D:11     | Noticed a hill giant
  6930 | D:11     | Killed a hill giant
  6994 | D:11     | Noticed a red ugly thing
  7001 | D:11     | Killed a red ugly thing
  7655 | D:12     | Reached XP level 11. HP: 94/94 MP: 10/10
  8057 | D:12     | Reached ***** piety under Makhleb
  8067 | D:12     | Gained mutation: You have a somewhat thin skeletal structure (Dex +2, Stealth). [mutagenic meat]
  8068 | D:12     | Gained mutation: Potions and wands are less effective at restoring your health. [mutagenic meat]
  8069 | D:12     | Gained mutation: Your body sometimes deteriorates upon taking damage. [mutagenic meat]
  8070 | D:12     | Gained mutation: Your flesh is heat resistant. [potion of mutation]
  8070 | D:12     | Gained mutation: You can spit weak poison. [potion of mutation]
  8080 | D:12     | Noticed a manticore
  8091 | D:12     | Killed a manticore
  8091 | D:12     | Reached skill level 10 in Fighting
  8348 | D:12     | Reached skill level 10 in Armour
  8381 | D:12     | Noticed a cyclops
  8574 | Orc:1    | Entered Level 1 of the Orcish Mines
  8575 | Orc:1    | Lost mutation: You can spit weak poison. [potion of cure mutation]
  8575 | Orc:1    | Lost mutation: Your flesh is heat resistant. [potion of cure mutation]
  8575 | Orc:1    | Lost mutation: Potions and wands are less effective at restoring your health. [potion of cure mutation]
  8575 | Orc:1    | Lost mutation: Your body sometimes deteriorates upon taking damage. [potion of cure mutation]
  8601 | Orc:1    | Identified the cursed +1 ring mail of the Pit {-Tele rC+ Stlth+} (You found it on level 11 of the Dungeon)
  8715 | Orc:1    | Found Roram's Armour Emporium.
  8741 | Orc:1    | Noticed Erolcha
  8759 | Orc:1    | Killed Erolcha
  8852 | Orc:1    | Bought a +0 cloak of poison resistance for 119 gold pieces
  9063 | Orc:2    | Found a roughly hewn altar of Beogh.
  9191 | Orc:2    | Reached ****** piety under Makhleb
  9438 | Orc:2    | Reached XP level 12. HP: 112/112 MP: 11/11
  9511 | Orc:2    | Reached skill level 1 in Dodging
  9937 | Orc:3    | Found a roughly hewn altar of Beogh.
 10458 | Orc:4    | Entered Level 4 of the Orcish Mines
 10458 | Orc:4    | Found a staircase to the Elven Halls.
 10635 | Orc:4    | Found Sesommy's Antique Armour Emporium.
 11202 | Orc:3    | Reached skill level 5 in Dodging
 12046 | Orc:4    | Noticed an ettin
 12054 | Orc:4    | Killed an ettin
 12415 | Orc:3    | Reached skill level 1 in Invocations
 13381 | Orc:4    | Noticed an orc warlord
 13425 | Orc:3    | Killed an orc warlord
 13637 | Orc:4    | Reached skill level 5 in Invocations
 13926 | Orc:4    | Found Lafuifukh's General Store.
 13963 | Orc:4    | Found Gapsaofe's Antique Armour Emporium.
 13966 | Orc:4    | Found Pyqexzef's Antique Weapon Emporium.
 13967 | Orc:4    | Found Imyaruv's Book Shoppe.
 13985 | Orc:4    | Bought a pair of embroidered gloves for 180 gold pieces
 14530 | D:12     | Found an ancient bone altar of Kikubaaqudgha.
 14530 | D:12     | Noticed a vampire mage
 14559 | D:12     | HP: 5/112 [something (3)]
 14559 | D:12     | HP: 1/112 [something (4)]
 14559 | D:12     | Slain by a vampire mage

Action                   |  1- 3 |  4- 6 |  7- 9 | 10-12 || total
-------------------------+-------+-------+-------+-------++-------
Melee: War axe           |    93 |    72 |   278 |   600 ||  1043
       Battleaxe         |       |       |       |   357 ||   357
 Fire: Blowgun           |       |       |       |     5 ||     5
  Use: Scroll            |       |       |    13 |    10 ||    23
       Potion            |       |       |       |    12 ||    12
 Stab: Invisible         |       |       |       |     2 ||     2
  Eat: Chunk             |     2 |     3 |    11 |    24 ||    40
       Pizza             |       |       |       |     6 ||     6
       Bread ration      |       |       |       |     1 ||     1
